 Dungeon Crawl Stone Soup version 0.29-a0-284-gf9362112df (webtiles) character file.

Game seed: 9628151906638656515

1 spaghetti the Shooter (level 1, 15/17 HPs)
             Began as a Demigod Hunter on Mar 21, 2022.
             Quit the game on level 1 of the Dungeon.
             The game lasted 00:00:13 (118 turns).

spaghetti the Shooter (Demigod Hunter)               Turns: 118, Time: 00:00:14

Health: 15/17      AC:  3    Str: 12    XL:     1   Next: 13%
Magic:  3/3        EV:  9    Int: 11    God:
Gold:   8          SH:  0    Dex: 17    Spells: 0/0 levels left

rFire   . . .      SeeInvis .   (no weapon)
rCold   . . .      Faith    .   (no shield)
rNeg    . . .      Spirit   .   b - +0 leather armour
rPois   .          Reflect  .   (no helmet)
rElec   .          Harm     .   (no cloak)
rCorr   .          Rampage  .   (no gloves)
Will    .....                   (no boots)
Stlth   ++........              (no amulet)
HPRegen 0.05/turn               (no ring)
MPRegen 0.08/turn               (no ring)

@: constricted
A: high MP 1, forlorn, divine attributes
a: no special abilities


You were on level 1 of the Dungeon.
You visited 1 branch of the dungeon, and saw 1 of its levels.

You collected 8 gold pieces.


Innate Abilities, Weirdness & Mutations

You have an increased reservoir of magic. (+10% MP)
You shall have no god before yourself.
Your divine heritage dramatically boosts your attributes as you level up.


   Skills:
 + Level 1.9 Fighting
 - Level 3.6 Bows
 - Level 1.7 Dodging
 - Level 0.8 Stealth


You couldn't memorise any spells.
You didn't know any spells.
Your spell library was empty.

Inventory:

Hand Weapons
 a - a +1 shortbow {bow}
Armour
 b - a +0 leather armour (worn)
Scrolls
 c - a scroll of immolation {!r!r}
 d - a scroll of summoning {unknown}
Potions
 e - a potion of invisibility {unknown}

Dungeon Overview and Level Annotations

Branches:
Dungeon (1/15)

...# #. #..#.. #..#.
#... . ##..#
...####...#
.#.K.....###########
.....bK@............
.#....S####..#####
#..... ##.# #.$...
####.## #.#.#.#
#.....#
.>.......##.#.#
#.#.#.# #.#.##♣♣♣#
.[ ... #.#.#....#
#.#......#


You could see a bat, a ball python and 2 kobolds.


Message History

🤖 Initializing magus.rc ...
Options error: Delay interrupt name "hungry" not recognised. (~/.crawlrc:4761) Options error: Bad monster_list_colour key: strict_neutral (~/.crawlrc:4776) ✅ Successfully initialized magus.rc [v1.9.6] Welcome, spaghetti the Demigod Hunter.
The heart of this dungeon contains the sublime artefact, the Orb of Zot.
Press ? for a list of commands and other information.
Found a staircase leading out of the dungeon.
You open the door.
There is an open door here.
You open the door.
There is an open door here.
d - a scroll labelled JOCADO MAXOAKU
e - an emerald potion A bat comes into view.
A bat is nearby!
A bat is nearby!
You shoot an arrow. The arrow completely misses the bat.
You shoot an arrow.
The arrow hits the bat but does no damage.
The bat hits you. 😕 HP[-1]
You take 1 damage, and now have 16/17 hp.
You shoot an arrow. The arrow barely misses the bat.
The bat hits you but does no damage. The bat misses you.
You are now empty-handed.
The bat closely misses you.
You barely miss the bat. The bat barely misses you.
You hit the bat but do no damage. The bat hits you.
The bat closely misses you. 😕 HP[-1]
You take 1 damage, and now have 15/17 hp.
You hit the bat. The bat hits you. 😕 HP[-1]
You take 1 damage, and now have 14/17 hp.
You hit the bat. The bat closely misses you.
You hit the bat. The bat closely misses you.
No target in range!
No target in range!
No target in range!
No target in range!
No target in range!
No target in range!
No target in range!
No target in range!
No target in range!
No target in range!
No target in range!
No target in range!
No target in range!
No target in range!
No target in range!
No target in range!
No target in range!
No target in range!
No target in range!
A bat is nearby!
No target in range!
The bat hits you. 😕 HP[-1]
You take 1 damage, and now have 13/17 hp.
You hit the bat.
You kill the bat!
Key pressed, stopping explore.
You now have 8 gold pieces.
A kobold comes into view. It is wielding a +0 dagger. 😎 HP[+4]
Your hp is fully restored (17).
A kobold is nearby!
A kobold is nearby!
A kobold is nearby!
No target in range!
The kobold shouts!
You hear a shout!
No target in range!
The kobold throws a stone.
The stone hits you but does no damage.
Found 8 gold pieces.
Found a stone staircase leading down.
A bat comes into view.
A ball python comes into view.
The kobold hits you but does no damage.
The ball python hisses angrily.
You hit the kobold but do no damage. The bat hits you but does no damage.
The kobold hits you but does no damage.
You hit the kobold but do no damage. The bat barely misses you.
A kobold comes into view. It is wielding a +0 short sword.
The kobold hits you with a +0 dagger. 😕 HP[-2]
You take 2 damage, and now have 15/17 hp.
You closely miss the kobold. The ball python barely misses you.
The ball python grabs you. The ball python constricts you.
The kobold barely misses you. The ball python barely misses you.
The ball python constricts you.
Are you sure you want to abandon this character and quit the game? (Confirm with "yes".)

Action                   || total
-------------------------++-------
Melee: Unarmed           ||     9
 Fire: Shortbow          ||     3
Armor: Leather armour    ||     5
Dodge: Dodged            ||    10

Levels and vault maps discovered:
D:1:      sevenhm_arrival_forest_fort_small_5, layout_basic,
          shapermc_ecumenical_altar_mp_urbaneastern, st_stairs_9,
          lemuel_flame_loot_1

Notes
Turn   | Place    | Note
-------+----------+-------------------------------------------
     0 | D:1      | spaghetti the Demigod Hunter began the quest for the Orb.
     0 | D:1      | Reached XP level 1. HP: 17/17 MP: 3/3
     0 | D:1      | magus.rc [v1.9.6]
   118 | D:1      | Quit the game

Vanquished Creatures
  A bat (D:1)
1 creature vanquished.

Table legend:
 A = Non-vault XP
 B = Vault XP
 C = Vault XP percentage of total XP
 D = Non-vault monster count
 E = Vault monster count
 F = Vault count percentage of total count
                 A         B        C        D         E       F
            +---------+---------+-------+---------+---------+-------
      Total |       2 |       0 |   0.0 |       1 |       0 |   0.0
            +---------+---------+-------+---------+---------+-------
        D:1 |       2 |       0 |   0.0 |       1 |       0 |   0.0
            +---------+---------+-------+---------+---------+-------

Illustrated notes

Table legend:
 A = Kills in this place as a percentage of kills in entire the game.
 B = Kills by you in this place as a percentage of kills by you in the entire game.
 C = Kills by friends in this place as a percentage of kills by friends in the entire game.
 D = Other kills in this place as a percentage of other kills in the entire game.
 E = Experience gained in this place as a percentage of experience gained in the entire game.
 F = Experience gained in this place divided by the number of levels of this place that you have seen.
                   A       B       C       D       E      F
               +-------+-------+-------+-------+-------+----------------------
         Total | 100.0 | 100.0 |   N/A |   N/A | 100.0 |   2.0
       Dungeon | 100.0 | 100.0 |   N/A |   N/A | 100.0 |   2.0
               +-------+-------+-------+-------+-------+----------------------

Table legend: (Time is in decaauts)
 A = Elapsed time spent in this place.
 B = Non-inter-level travel time spent in this place.
 C = Inter-level travel time spent in this place.
 D = Time resting spent in this place.
 E = Time spent auto-exploring this place.
 F = Levels seen in this place.
 G = Mean time per level.
                   A        B        C        D        E       F      G
               +--------+--------+--------+--------+--------+-----+--------+
         Total |    118 |    118 |      0 |      0 |     96 |   1 |  118.0 |
       Dungeon |    118 |    118 |      0 |      0 |     96 |   1 |  118.0 |
               +--------+--------+--------+--------+--------+-----+--------+

Top non-repeatable levels by time:
     D:1: 118 daAuts
